 Dungeon Crawl Stone Soup version 0.17-a0-913-g36eb389 (webtiles) character file.

52803 Lathuz the Severer (level 14, 0/126 HPs)
             Began as a Minotaur Berserker on May 2, 2015.
             Was a High Priest of Trog.
             Slain by a shambling mangrove (23 damage)
             ... on level 4 of the Swamp on May 3, 2015.
             The game lasted 01:44:48 (22185 turns).

Lathuz the Severer (Minotaur Berserker)            Turns: 22185, Time: 01:44:49

Health: 0/126      AC: 19    Str: 26    XL:     14   Next: 28%
Magic:  0/20       EV:  8    Int:  6    God:    Trog [*****.]
Gold:   1148       SH:  0    Dex: 13    Spells: 0 memorised, 13 levels left

rFire  . . .     SeeInvis .     T - +3 battleaxe (chop)
rCold  . . .     Clarity  .     Z - +0 plate armour
rNeg   . . .     SustAb   .     (no shield)
rPois  .         Gourm    .     (helmet restricted)
rElec  .         Spirit   +     V - +1 cloak {+Inv}
rCorr  .         Warding  .     i - +0 pair of gloves
rMut   .         Stasis   .     (no boots)
MR     +++..                    w - amulet of guardian spirit
Stlth  ..........               K - +4 ring of strength
                                b - +6 ring of slaying

@: confused, lethally poisoned (0 -> -1), exhausted, grasped by roots,
regenerating, slowed, very slow, extremely resistant to hostile enchantments,
extremely unstealthy
A: retaliatory headbutt, horns 2
a: Burn Spellbooks, Berserk, Trog's Hand, Brothers in Arms, Renounce Religion,
Evoke Invisibility


You were on level 4 of the Swamp.
You worshipped Trog.
Trog was extremely pleased with you.
You were not hungry.

You visited 3 branches of the dungeon, and saw 18 of its levels.

You collected 1214 gold pieces.
You spent 66 gold pieces at shops.

Inventory:

Hand weapons
 l - a +3 short sword of flaming
 T - a +3 battleaxe of chopping (weapon)
Armour
 i - a +0 pair of gloves (worn)
 V - a +1 cloak of invisibility (worn)
 Z - a +0 plate armour (worn)
Jewellery
 b - a +6 ring of slaying (left hand)
 h - an uncursed ring of sustain abilities
 s - an uncursed ring of fire
 w - an amulet of guardian spirit (around neck)
 y - a +3 ring of evasion
 C - an uncursed ring of protection from magic
 E - a +3 ring of protection
 K - a +4 ring of strength (right hand)
 M - an uncursed ring of invisibility
 S - an uncursed ring of teleport control
Magical devices
 a - a wand of polymorph (10)
 d - a wand of slowing (26)
 k - a wand of hasting (4)
 p - a wand of frost (11)
 z - a wand of magic darts (14)
 B - a wand of fire (0)
 F - a wand of hasting (4)
 Q - a wand of polymorph (14)
 W - a wand of disintegration (8)
 X - a wand of lightning (5)
 Y - a wand of enslavement (16)
Scrolls
 g - 2 scrolls of identify
 j - 4 scrolls of teleportation
 m - 9 scrolls of remove curse
 o - a scroll of fog
 H - 2 scrolls of recharging
 J - a scroll of silence
Potions
 e - 9 potions of curing
 q - 6 potions of flight
 r - a potion of ambrosia {unknown}
 t - 5 potions of lignification
 v - 4 potions of might
 x - a potion of berserk rage {unknown}
 G - 2 potions of brilliance
 L - 3 potions of heal wounds {unknown}
 O - 5 potions of agility
 P - a potion of cure mutation {unknown}
Comestibles
 c - 8 bread rations
 f - 12 slices of pizza
 n - 3 meat rations
 u - 2 beef jerkies
 R - 23 fruits


   Skills:
 + Level 12.3 Fighting
 * Level 18.3 Axes
 + Level 12.1 Armour
 - Level 9.2 Dodging
 - Level 9.9 Evocations


You had 13 spell levels left.
You didn't know any spells.

Dungeon Overview and Level Annotations

Branches:
Dungeon (10/15)            Temple (0/1) D:6            Lair (4/8) D:10
  Swamp (4/4) Lair:4          Orc (0/4) D:9
  Snake: Lair:3-6    Spider: Lair:3-6

Altars:
Ashenzari
Cheibriados
Elyvilon
Fedhas
Kikubaaqudgha
Nemelex Xobeh
Okawaru
Ru
Xom
Zin

Shops:
D:4 (*}}}   D:5 (   D:7 %   D:10 }(**


Innate Abilities, Weirdness & Mutations

You reflexively headbutt those who attack you in melee.
You have a pair of horns on your head.


Message History

The seven-headed hydra bites you but does no damage.
The seven-headed hydra bites you!
* * * LOW HITPOINT WARNING * * *
The seven-headed hydra closely misses you.
The seven-headed hydra bites you but does no damage.
The seven-headed hydra barely misses you.
The seven-headed hydra bites you.
* * * LOW HITPOINT WARNING * * *
The seven-headed hydra bites you but does no damage.
The swamp drake breathes noxious fumes at you.
The noxious blast engulfs the seven-headed hydra.
You are engulfed in noxious fumes.
You choke on the stench!
You are confused.
The ground creaks as gnarled roots bulge its surface.
The swamp dragon breathes poison at you.
The blast of poison engulfs you!
You are poisoned.
* * * LOW HITPOINT WARNING * * *
The shambling mangrove hits you!!
You die...

♣♣♣♣ ♣♣♣♣♣
♣♣♣♣♣♣♣≈≈♣♣♣♣§.≈♣♣
♣≈..♣♣§≈≈..≈≈≈≈≈.♣
♣...§§§D§§.§≈≈≈≈≈♣
♣♣.<§§@fk§....≈♣♣♣
♣≈..≈♣§D♣♣♣♣≈≈.♣♣
..≈≈≈≈♣♣§§♣ ♣≈...♣
♣.≈≈≈≈≈≈♣.≈≈≈.≈.♣†f♣♣
♣.≈≈≈..♣♣.≈≈≈..≈♣≈≈♣
.≈≈≈§.≈♣♣.≈≈≈≈.♣♣≈≈♣
≈≈≈..♣♣.≈≈≈≈≈≈♣♣.D♣
..≈♣ ♣≈≈≈≈≈≈. ♣!..
≈≈≈.♣ ♣♣§≈.


You could see a shambling mangrove, a seven-headed hydra, a swamp dragon and a
swamp drake.

Vanquished Creatures
  Gastronok (Lair:2)
  A thorn hunter (Swamp:1)
  Erolcha (D:9)
  A catoblepas (Lair:4)
  A ghost crab (Swamp:2)
  8 hydras
  Erica (Lair:1)
  4 alligators
  Urug (Lair:4)
  Nergalle (Lair:3)
  3 spriggan druids
  Pikel (D:7)
  2 black mambas
  14 elephants (Lair:2)
  Maurice (D:9)
  12 spiny frogs
  5 torpor snails
  An efreet (D:9)
  3 komodo dragons
  A troll (D:10)
  The ghost of hornqvist the Cudgeler, an average NaFi (D:4)
  A fire drake (Lair:2)
  4 giant leeches
  9 blink frogs
  9 ravens
  6 bog bodies
  16 slime creatures
  3 baby alligators (Swamp:1)
  A spectral elephant (Swamp:2)
  19 yaks
  A shadow (Swamp:2)
  A deep elf mage (D:10)
  A basilisk (Lair:4)
  A hungry ghost (D:8)
  7 vampire mosquitoes
  11 wolves (Lair:2)
  3 ogres
  A hippogriff (D:7)
  14 swamp worms
  2 swamp drakes
  4 water moccasins
  11 porcupines
  A sky beast (D:8)
  2 phantoms
  2 ice beasts
  A slave (D:7)
  5 orc warriors
  A black bear (D:9)
  A boring beetle (Lair:4)
  A necrophage (D:6)
  2 centaurs
  6 crocodiles
  3 big kobolds (D:8)
  12 giant frogs
  A wyvern zombie (D:7)
  5 scorpions
  4 wights (D:8)
  2 vampire bats (D:2)
  4 crimson imps
  3 jellies
  3 centaur skeletons
  8 iguanas
  3 giant frog skeletons
  5 hounds
  4 orc priests
  Terence (D:2)
  12 orc wizards
  4 hell rats
  7 worker ants
  14 sheep
  2 worker ant zombies
  Robin (D:2)
  13 adders
  30 river rats
  3 shadow imps
  An ooze (D:4)
  An adder skeleton (D:4)
  3 worms
  5 giant geckos
  35 orcs
  5 bat skeletons
  4 bat zombies
  6 giant cockroaches
  30 goblins
  9 hobgoblins
  20 kobolds
  4 ball pythons
  17 bats
  2 giant gecko skeletons
  6 giant newts
  A jackal zombie (D:8)
  7 quokkas
  35 rats
  2 spectral orcs (Lair:3)
  2 ballistomycetes (D:7)
  4 fungi (Lair:2)
  7 plants
561 creatures vanquished.

Vanquished Creatures (collateral kills)
  A swamp drake (Swamp:1)
1 creature vanquished.

Vanquished Creatures (others)
  A slave (D:7)
  A giant spore (D:7)
  33 fungi
  11 plants (Lair:2)
46 creatures vanquished.

Grand Total: 608 creatures vanquished

Notes
Turn   | Place    | Note
--------------------------------------------------------------
     0 | D:1      | Lathuz, the Minotaur Berserker, began the quest for the Orb.
     0 | D:1      | Reached XP level 1. HP: 19/19 MP: 0/0
   167 | D:1      | Reached skill level 4 in Axes
   325 | D:1      | Reached XP level 2. HP: 19/26 MP: 1/1
   765 | D:2      | Noticed Terence
   774 | D:2      | Killed Terence
   774 | D:2      | Reached skill level 5 in Axes
   774 | D:2      | Reached XP level 3. HP: 31/31 MP: 2/2
   988 | D:2      | Found a white marble altar of Elyvilon.
  1031 | D:2      | Found an ancient bone altar of Kikubaaqudgha.
  1031 | D:2      | Noticed a vampire bat
  1035 | D:2      | Noticed a vampire bat
  1038 | D:2      | Killed a vampire bat
  1038 | D:2      | Reached skill level 6 in Axes
  1038 | D:2      | Reached XP level 4. HP: 39/39 MP: 3/3
  1044 | D:2      | Killed a vampire bat
  1097 | D:2      | Reached XP level 5. HP: 45/45 MP: 4/4
  1140 | D:2      | Reached skill level 7 in Axes
  1144 | D:2      | Acquired Trog's second power
  1197 | D:2      | Found a glowing silver altar of Zin.
  1300 | D:2      | Noticed Robin
  1310 | D:2      | Killed Robin
  1583 | D:2      | Found a sparkling altar of Nemelex Xobeh.
  1681 | D:2      | Found a blossoming altar of Fedhas.
  2410 | D:3      | Reached skill level 8 in Axes
  2410 | D:3      | Reached XP level 6. HP: 51/51 MP: 5/5
  2843 | D:4      | Found Lefeacel's Gadget Emporium.
  2984 | D:4      | Found Same's Gadget Shop.
  3008 | D:4      | Reached skill level 9 in Axes
  3040 | D:4      | Found Yheoroenk's Weapon Boutique.
  3365 | D:4      | Reached XP level 7. HP: 19/57 MP: 6/6
  3615 | D:4      | Found Eqitol's Gadget Shop.
  3626 | D:4      | Noticed hornqvist's ghost (average NaFi)
  3636 | D:4      | Killed hornqvist's ghost
  3636 | D:4      | Reached skill level 10 in Axes
  3806 | D:4      | Found Zuak's General Store.
  3812 | D:4      | Bought 2 scrolls of remove curse for 66 gold pieces
  3920 | D:4      | Reached skill level 11 in Axes
  4007 | D:4      | Found an iron altar of Okawaru.
  4033 | D:5      | Entered Level 5 of the Dungeon
  4416 | D:5      | Found Aqon's Antique Weapon Emporium.
  4584 | D:5      | Reached XP level 8. HP: 66/66 MP: 7/7
  4757 | D:5      | Acquired Trog's third power
  6149 | D:6      | Reached skill level 5 in Fighting
  6149 | D:6      | Reached skill level 12 in Axes
  6276 | D:6      | Found a staircase to the Ecumenical Temple.
  6623 | D:6      | Reached skill level 5 in Armour
  6901 | D:6      | Reached XP level 9. HP: 54/75 MP: 8/8
  7580 | D:7      | Reached skill level 13 in Axes
  7604 | D:7      | Found Nuaruety's Food Shoppe.
  7608 | D:7      | Noticed Pikel
  7619 | D:7      | Killed Pikel
  7706 | D:7      | Found a sacrificial altar of Ru.
  8624 | D:8      | Reached skill level 14 in Axes
  8666 | D:8      | Reached XP level 10. HP: 77/88 MP: 6/9
  9046 | D:8      | Noticed a two-headed hydra
  9055 | D:8      | Killed a seven-headed hydra
  9725 | D:8      | Received a gift from Trog
  9756 | D:9      | Noticed Maurice
  9766 | D:9      | Killed Maurice
  9900 | D:9      | Reached skill level 15 in Axes
 10228 | D:9      | Found a shattered altar of Ashenzari.
 10464 | D:9      | Reached skill level 1 in Evocations
 10600 | D:9      | Found a staircase to the Orcish Mines.
 10784 | D:9      | Noticed Erolcha
 10788 | D:9      | Killed Erolcha
 11109 | D:10     | Entered Level 10 of the Dungeon
 11136 | D:10     | Found Cialioxi's Weapon Emporium.
 11161 | D:10     | Reached XP level 11. HP: 97/97 MP: 9/12
 11472 | D:10     | Found a staircase to the Lair.
 11652 | D:10     | Found Yrissewk's Assorted Antiques.
 11715 | D:10     | Found Varr's Gadget Boutique.
 11729 | D:10     | Found Mumud's General Store.
 11820 | D:10     | Reached skill level 10 in Fighting
 11823 | D:10     | Received a gift from Trog
 11825 | D:10     | Found a flagged portal.
 11960 | D:10     | Reached skill level 5 in Evocations
 12216 | Lair:1   | Entered Level 1 of the Lair of Beasts
 12216 | Lair:1   | Noticed Erica
 12248 | Lair:1   | Killed Erica
 12602 | Lair:1   | Reached skill level 10 in Armour
 13822 | Lair:2   | Reached skill level 5 in Dodging
 13838 | Lair:2   | Reached XP level 12. HP: 101/106 MP: 16/16
 14087 | Lair:2   | Noticed Gastronok
 14865 | Lair:2   | Killed Gastronok
 15166 | Lair:2   | Found a snail-covered altar of Cheibriados.
 15169 | Lair:2   | Received a gift from Trog
 15181 | Lair:2   | Got a shimmering broad axe {god gift}
 15182 | Lair:2   | Identified the +10 broad axe "Huerohod" {flame, *Rage +Rage Dex+2 Stlth-} (Trog gifted it to you on level 2 of the Lair of Beasts)
 15791 | Lair:3   | Noticed Nergalle
 15804 | Lair:3   | Killed Nergalle
 15997 | Lair:3   | Reached skill level 16 in Axes
 16827 | Lair:4   | Noticed Urug
 16828 | Lair:4   | Noticed a catoblepas
 16840 | Lair:4   | Killed Urug
 16840 | Lair:4   | Reached XP level 13. HP: 113/113 MP: 17/19
 16875 | Lair:4   | Killed a catoblepas
 17211 | Lair:4   | Found a shimmering altar of Xom.
 17546 | Lair:4   | Found a staircase to the Swamp.
 17560 | Lair:4   | Noticed an eight-headed hydra
 17570 | Lair:4   | Killed a 11-headed hydra
 18056 | Swamp:1  | Entered Level 1 of the Swamp
 18056 | Swamp:1  | Noticed a thorn hunter
 18066 | Swamp:1  | Killed a thorn hunter
 19005 | Swamp:1  | Reached skill level 17 in Axes
 19101 | Swamp:1  | Received a gift from Trog
 20657 | Swamp:2  | Reached XP level 14. HP: 88/125 MP: 16/20
 21075 | Swamp:3  | Reached skill level 18 in Axes
 21382 | Swamp:3  | Upgraded the game from 0.17-a0-910-ga669010 to 0.17-a0-913-g36eb389
 21494 | Swamp:3  | Received a gift from Trog
 22130 | Swamp:4  | Entered Level 4 of the Swamp
 22185 | Swamp:4  | Slain by a shambling mangrove

Action                   |  1- 3 |  4- 6 |  7- 9 | 10-12 | 13-15 || total
-------------------------+-------+-------+-------+-------+-------++-------
Melee: Hand axe          |    56 |   171 |   168 |       |       ||   395
       War axe           |       |       |   217 |    43 |       ||   260
       Battleaxe         |       |       |       |   408 |   291 ||   699
       Broad axe         |       |       |       |    22 |       ||    22
Invok: Berserk           |     1 |     3 |     9 |    17 |     6 ||    36
       Trog's Hand       |       |     1 |     1 |     1 |     2 ||     5
       Burn Spellbooks   |       |       |     2 |     4 |     2 ||     8
       Brothers in Arms  |       |       |       |       |     1 ||     1
 Abil: Evoke Invisibilit |       |       |       |     1 |       ||     1
Evoke: Wand              |       |       |    10 |       |    13 ||    23
  Use: Scroll            |       |     2 |     2 |    17 |     2 ||    23
       Potion            |       |       |     1 |       |     2 ||     3
  Eat: Meat ration       |     1 |       |     1 |     3 |     3 ||     8
       Chunk             |       |     6 |    19 |    28 |     9 ||    62
       Beef jerky        |       |       |     2 |       |       ||     2
       Pizza             |       |       |       |     3 |       ||     3
